 Dungeon Crawl Stone Soup version 0.21.1-1-g345015fe64 (webtiles) character file.

64 Knicklaso the Chopper (level 4, -8/41 HPs)
             Began as a Hill Orc Monk on Apr 22, 2018.
             Mangled by a goblin
             ... wielding a +2 dagger of electrocution
              (15 damage)
             ... on level 2 of the Dungeon.
             The game lasted 00:05:03 (1928 turns).

Knicklaso the Chopper (Hill Orc Monk)               Turns: 1928, Time: 00:05:04

Health: -8/41      AC:  5    Str: 14    XL:     4   Next: 12%
Magic:  4/4        EV: 11    Int: 10    God:
Gold:   83         SH:  0    Dex: 13    Spells: 3/3 levels left

rFire    . . .     SeeInvis .   a - +0 hand axe
rCold    . . .     Gourm    .   (no shield)
rNeg     . . .     Faith    .   f - +0 ring mail
rPois    .         Spirit   .   (no helmet)
rElec    .         Reflect  .   (no cloak)
rCorr    .         Harm     .   (no gloves)
MR       .....                  (no boots)
Stlth    +.........             (no amulet)
HPRegen  0.13/turn              (no ring)
MPRegen  0.09/turn              (no ring)

@: no status effects
A: no striking features
a: no special abilities


You were on level 2 of the Dungeon.
You were not hungry.

You visited 1 branch of the dungeon, and saw 2 of its levels.

You collected 83 gold pieces.

Inventory:

Hand Weapons
 a - a +0 hand axe (weapon)
 b - a +0 hunting sling
Missiles
 e - 50 stones (quivered)
 h - 5 needles of confusion
 n - 57 sling bullets
Armour
 f - a +0 ring mail (worn)
Scrolls
 g - a scroll of enchant armour {unknown}
 i - 2 scrolls of teleportation {unknown}
 k - a scroll of identify {unknown}
 m - a scroll of random uselessness {unknown}
Potions
 d - a potion of curing {unknown}
 j - a potion of magic {unknown}
 l - a potion of brilliance {unknown}
 p - a potion of degeneration {unknown}
Comestibles
 c - 2 rations
 o - 4 chunks of flesh


   Skills:
 + Level 4.9 Fighting
 + Level 5.3 Axes
 - Level 2.4 Dodging
 - Level 1.5 Stealth


You had 3 spell levels left.
You didn't know any spells.

Dungeon Overview and Level Annotations

Branches:
Dungeon (2/15)

Altars:


Message History

The goblin drinks a potion.
The goblin suddenly seems more agile.
Firing (i - inventory. (,) - cycle):
e - 52 stones (quivered)
Press: ? - help, Shift-Dir - straight line, f/p - goblin
Aim: a goblin, wielding a dagger of electrocution (unusually agile)
You shoot a stone. The stone closely misses the goblin.
Firing (i - inventory. (,) - cycle):
e - 51 stones (quivered)
Press: ? - help, Shift-Dir - straight line, f/p - goblin
Aim: a goblin, wielding a dagger of electrocution (unusually agile)
You shoot a stone. The stone closely misses the goblin.
a - a +0 hand axe (weapon)
You closely miss the goblin. The goblin hits you but does no damage.
You are electrocuted!
You closely miss the goblin. The goblin hits you but does no damage.
You are electrocuted!
* * * LOW HITPOINT WARNING * * *
You see here a rat corpse.
The goblin hits you with a dagger of electrocution.
* * * LOW HITPOINT WARNING * * *
You are electrocuted!
You die...

#..#####.......#.#
###........####..#.#
.............##..#.#
###..#######.##..#.#
#..# ..........#
..... ....##....#
#..... ..........#
#.###.##.#####...#
#.# .# #@..# .# #
####g..# #..†...#
#.##..## #( #.(# #(
#..# (# ...# # #.##
#.#


You could see a goblin.

Vanquished Creatures
  2 adders (D:2)
  2 oozes (D:2)
  An adder zombie (D:1)
  A ball python (D:2)
  4 bats (D:1)
  A bat zombie (D:1)
  2 giant cockroaches
  5 goblins
  2 hobgoblins (D:1)
  2 frilled lizards
  7 kobolds
  7 rats
36 creatures vanquished.

Notes
Turn   | Place    | Note
-------+----------+-------------------------------------------
     0 | D:1      | Knicklaso the Hill Orc Monk began the quest for the Orb.
     0 | D:1      | Reached XP level 1. HP: 19/19 MP: 1/1
   244 | D:1      | Reached XP level 2. HP: 27/27 MP: 2/2
  1432 | D:2      | Found a faded altar of an unknown god.
  1451 | D:2      | Reached XP level 3. HP: 21/34 MP: 3/3
  1584 | D:2      | Reached skill level 5 in Axes
  1769 | D:2      | Reached XP level 4. HP: 33/41 MP: 4/4
  1928 | D:2      | Mangled by a goblin

Skill      XL: |  1  2  3 |
---------------+----------+-----
Fighting       | 4 |  4.9
Axes           | 5 |  5.3
Dodging        | |  2.4
Stealth        | |  1.5

Action                   |  1- 3 |  4- 6 || total
-------------------------+-------+-------++-------
Melee: Hand axe          |   118 |    11 ||   129
 Fire: Hunting sling     |     7 |     7 ||    14
Throw: Stone             |     2 |       ||     2
 Stab: Sleeping          |     1 |       ||     1
  Eat: Chunk             |     3 |       ||     3
Armor: Robe              |     5 |       ||     5
       Ring mail         |    38 |     2 ||    40
Dodge: Dodged            |    75 |     5 ||    80
